 Dungeon Crawl Stone Soup version 0.22-b1-26-g9dbaab1 (webtiles) character file.

37 dracos369 the Conjurer (level 3, 0/24 HPs)
             Began as a Demonspawn Wizard on Aug 8, 2018.
             Succumbed to an adder's poison
             ... on level 2 of the Dungeon.
             The game lasted 00:07:13 (1477 turns).

dracos369 the Conjurer (Demonspawn Wizard)          Turns: 1477, Time: 00:07:14

Health: 0/24       AC:  2    Str:  6 (8)  XL:     3   Next: 23%
Magic:  2/7        EV: 14    Int: 18 (19) God:
Gold:   51         SH:  0    Dex: 10 (11) Spells: 3/8 levels left

rFire    . . .     SeeInvis .   i - +0 spear (curse)
rCold    . . .     Gourm    .   (no shield)
rNeg     . . .     Faith    .   a - +0 robe
rPois    .         Spirit   .   b - +0 hat
rElec    .         Reflect  .   (no cloak)
rCorr    .         Harm     .   (no gloves)
MR       .....                  (no boots)
Stlth    ++........             (no amulet)
HPRegen  0.08/turn              (no ring)
MPRegen  0.10/turn              (no ring)

@: lethally poisoned (0 -> -12), very slightly contaminated
A: repulsion field 1
a: no special abilities


You were on level 2 of the Dungeon.
You were not hungry.

You visited 1 branch of the dungeon, and saw 2 of its levels.

You collected 51 gold pieces.

Inventory:

Hand Weapons
 i - a cursed +0 spear (weapon)
Missiles
 c - 50 stones (quivered)
Armour
 a - a +0 robe (worn)
 b - a +0 hat (worn)
Scrolls
 e - a scroll of enchant armour {unknown}
 g - 2 scrolls of teleportation {unknown}
Comestibles
 d - a ration


   Skills:
 - Level 1.7 Dodging
 - Level 1.7 Stealth
 - Level 3.0 Spellcasting
 + Level 3.1 Conjurations
 + Level 1.2 Summonings
 - Level 0.8 Translocations


You had 3 spell levels left.
You knew the following spells:

 Your Spells              Type           Power        Failure   Level  Hunger
a - Magic Dart            Conj           ##..         4%          1    None
b - Blink                 Tloc           N/A          17%         2    ##.....
i - Call Imp              Summ           #.......     14%         2    ##.....

Your spell library contained the following spells:

 Spells                   Type           Power        Failure   Level  Hunger
 Conjure Flame            Conj/Fire      #.......     26%         3    ###....
 Slow                     Hex            #.......     24%         2    ##.....
 Mephitic Cloud           Conj/Pois/Air  #.......     32%         3    ###....


Dungeon Overview and Level Annotations

Branches:
Dungeon (2/15)

Altars:


Innate Abilities, Weirdness & Mutations

You are surrounded by a mild repulsion field. (EV +2)


Message History

The adder barely misses your white imp.
Your crimson imp completely misses the adder.
The worm barely misses your white imp.
Your white imp hits the adder.
The adder dies!
Something hits your crimson imp but does no damage.
* * * LOW HITPOINT WARNING * * *
You feel sick. The bat barely misses your crimson imp.
The bat misses your crimson imp.
Your crimson imp blinks!
Your white imp gestures at the bat.
The puff of frost hits the bat.
The bat dies!
You see here an adder corpse.
* * * LOW HITPOINT WARNING * * *
You feel sick. The worm barely misses your white imp.
Your white imp gestures at the worm.
The puff of frost hits the worm.
There is a stone staircase leading down here.
You are too injured to fight recklessly!
You die...

#......#
.......#
#......#
#......#
#......# ##
##......# ..
#..#
...#.####.##
#......>@5w#
%..####..#..#
##.<.###....
#..### #!).?
#..## .....
....# ....
##... ....
#.# #.


You could see a worm and a friendly white imp.

Vanquished Creatures
  A worm (D:1)
  A dart slug (D:1)
  A leopard gecko (D:1)
  4 bats (D:1)
  4 goblins (D:1)
  4 hobgoblins (D:1)
  2 kobolds (D:1)
  A frilled lizard (D:1)
  7 rats (D:1)
25 creatures vanquished.

Vanquished Creatures (collateral kills)
  An adder (D:2)
  A bat (D:2)
2 creatures vanquished.

Grand Total: 27 creatures vanquished

Notes
Turn   | Place    | Note
-------+----------+-------------------------------------------
     0 | D:1      | dracos369 the Demonspawn Wizard began the quest for the Orb.
     0 | D:1      | Reached XP level 1. HP: 13/13 MP: 4/4
   372 | D:1      | Gained mutation: You are surrounded by a mild repulsion field. (EV +2) [demonic ancestry]
   372 | D:1      | Reached XP level 2. HP: 19/19 MP: 3/6
   860 | D:1      | Learned a level 2 spell: Blink
   863 | D:1      | Learned a level 2 spell: Call Imp
  1145 | D:1      | Reached XP level 3. HP: 18/24 MP: 2/7
  1476 | D:2      | HP: 1/24 [poisoned by an adder]
  1477 | D:2      | Succumbed to an adder's poison

Skill      XL: |  1  2 |
---------------+-------+-----
Conjurations   | 2 3 |  3.1
Dodging        | |  1.7
Stealth        | |  1.7
Spellcasting   | |  3.0
Summonings     | |  1.2
Translocations | |  0.8

Action                   || total
-------------------------++-------
Melee: Unarmed           ||     6
       Spear             ||    37
       Whip              ||    10
Throw: Stone             ||     1
 Cast: Magic Dart        ||    43
       Call Imp          ||     2
  Use: Potion            ||     1
 Stab: Sleeping          ||     2
  Eat: Ration            ||     1
Armor: Robe              ||    12
Dodge: Dodged            ||    26
